 Dungeon Crawl Stone Soup version 0.27.1-2-g3b301248ec (webtiles) character file.

Game seed: 5422230162182789351

27 Borgoz the Shield-Bearer (level 3, -2/23 HPs)
             Began as a Gargoyle Fighter on Sept 28, 2021.
             Slain by a worm (9 damage)
             ... on level 2 of the Dungeon.
             The game lasted 00:00:37 (1105 turns).

Borgoz the Shield-Bearer (Gargoyle Fighter)         Turns: 1105, Time: 00:00:38

Health: -2/23      AC: 10    Str: 19    XL:     3   Next: 10%
Magic:  3/3        EV:  7    Int:  8    God:
Gold:   35         SH:  9    Dex: 10    Spells: 2/2 levels left

rFire    . . .     SeeInvis .   a - +0 flail
rCold    . . .     Faith    .   c - +0 kite shield
rNeg     + . .     Spirit   .   b - +0 scale mail
rPois    ∞         Reflect  .   (no helmet)
rElec    +         Harm     .   (no cloak)
rCorr    .         Rampage  .   (no gloves)
Will     .....                  (no boots)
Stlth    ..........             (no amulet)
HPRegen  0.07/turn              (no ring)
MPRegen  0.08/turn              (no ring)

@: no status effects
A: sickness immunity, AC +3, negative energy resistance 1, electricity
resistance, torment resistance 1, petrification resistance
a: no special abilities


You were on level 2 of the Dungeon.
You visited 1 branch of the dungeon, and saw 2 of its levels.

You collected 35 gold pieces.

Inventory:

Hand Weapons
 a - a +0 flail (weapon)
Armour
 b - a +0 scale mail (worn)
 c - a +0 kite shield (worn)
Scrolls
 e - 2 scrolls of blinking {unknown}
 g - a scroll of enchant weapon {unknown}
 h - a scroll of immolation {unknown}
Potions
 d - a potion of might
 f - 2 potions of flight {unknown}


   Skills:
 + Level 3.6 Fighting
 + Level 2.4 Maces & Flails
 + Level 3.6 Armour
 + Level 3.6 Shields


You had 2 spell levels left.
You didn't know any spells.
Your spell library was empty.

Dungeon Overview and Level Annotations

Branches:
Dungeon (2/15)

Altars:


Innate Abilities, Weirdness & Mutations

You are immune to sickness and miasma.
Your stone body is resilient. (AC +3)
You are immune to poison.
You resist negative energy. (rN+)
You are resistant to electric shocks. (rElec)
You are resistant to unholy torment.
You are immune to petrification.


Message History

You hit the rat.
You kill the rat!
You hit the worm.
The worm is moderately wounded.
The worm bites you but does no damage.
You barely miss the worm.
The worm is lightly wounded.
The worm bites you!
You hit the worm.
The worm is moderately wounded.
A goblin comes into view. It is wielding a +0 dagger.
The hobgoblin hits you but does no damage.
The goblin moves out of view.
You thump the worm!
The worm is heavily wounded.
The hobgoblin hits you but does no damage.
You block the worm's attack. You block the hobgoblin's attack.
You barely miss the worm.
The worm is heavily wounded.
The hobgoblin barely misses you. The worm bites you!
You are too injured to fight recklessly!
You are too injured to fight recklessly!
You are too injured to fight recklessly!
You are too injured to fight recklessly!
You are too injured to fight recklessly!
You are too injured to fight recklessly!
You are too injured to fight recklessly!
You are too injured to fight recklessly!
You are too injured to fight recklessly!
You are too injured to fight recklessly!
You are too injured to fight recklessly!
You are too injured to fight recklessly!
Sorry, you're not good enough to have a special ability.
You hit the worm.
The worm is heavily wounded.
You block the hobgoblin's attack. You block the worm's attack.
You block the hobgoblin's attack.
Your scale mail prevents you from hitting the hobgoblin.
You block the hobgoblin's attack. The worm bites you!
You die...

###.# #....
#g#.# # #.#.. .#
#.#.##.#
#.#....#
##.#.#.#<#.#.#.#
#......g........
##.#.#.#@#.#.#.#
........w......
#.#.#.#.#.#.#.#
.............
#.#.#.#.# #.#.#
###.#.### ...# #
#. .## #


You could see a worm and a hobgoblin.

Vanquished Creatures
  A gnoll (D:1)
  2 endoplasms (D:1)
  A goblin (D:1)
  3 hobgoblins (D:1)
  A kobold (D:1)
  A quokka (D:1)
  3 ball pythons (D:1)
  A frilled lizard (D:1)
  4 rats
17 creatures vanquished.

Notes
Turn   | Place    | Note
-------+----------+-------------------------------------------
     0 | D:1      | Borgoz the Gargoyle Fighter began the quest for the Orb.
     0 | D:1      | Reached XP level 1. HP: 14/14 MP: 1/1
   312 | D:1      | Reached XP level 2. HP: 14/19 MP: 2/2
   776 | D:1      | Reached XP level 3. HP: 19/23 MP: 3/3
  1105 | D:2      | Slain by a worm

Illustrated notes

Levels and vault maps discovered:
D:1:      scummos_arrival_checkerplants, layout_loops_ring,
          minmay_misc_feat_roman, minmay_pentomino_x2
D:2:      layout_basic, shapermc_ecumenical_altar_totnotflames,
          kennysheep_crisscross, st_stairs_12, uniq_sigmund

Action                   || total
-------------------------++-------
Melee: Flail             ||    77
Armor: Scale mail        ||    58
Dodge: Dodged            ||    19
Block: Kite shield       ||    50
